 Dungeon Crawl Stone Soup version 0.31-a0-222-gefeffbb62a (webtiles) character file.

Game seed: 1674537307187644999

147 protoss039 the Digger (level 5, 39/39 HPs)
             Began as a Demonspawn Earth Elementalist on July 5, 2023.
             Got out of the dungeon alive.
             The game lasted 00:03:28 (2313 turns).

protoss039 the Digger (DsEE)                        Turns: 2313, Time: 00:03:29

Health: 39/39      AC:  5    Str:  9    XL:     5   Next: 7%
Magic:  9/9        EV: 12    Int: 18    God:
Gold:   167        SH:  0    Dex: 13    Spells: 4/10 levels left

rFire   + . .        r - +1 dagger (venom)
rCold   + + .        (no shield)
rNeg    . . .        a - +0 robe
rPois   .            (no helmet)
rElec   .            e - scarf {rC+ rF+}
rCorr   .            j - +0 pair of gloves
SInv    .            (no boots)
Will    .....        (no amulet)
Stlth   ++           f - ring of protection from cold
HPRegen 0.26/turn    (no ring)
MPRegen 0.11/turn

%: no passive effects
@: no status effects
A: thin metallic scales 1, spiny 1
a: no special abilities


You escaped.
You visited 1 branch of the dungeon, and saw 3 of its levels.

You collected 167 gold pieces.

Inventory:

Hand Weapons
 r - a +1 dagger of venom (weapon)
Armour
 a - a +0 robe (worn)
 e - a scarf of resistance (worn)
 j - a +0 pair of gloves (worn)
Jewellery
 f - a ring of protection from cold (left hand)
Scrolls
 c - a scroll of butterflies {unknown}
 h - a scroll of identify {unknown}
 k - a scroll of noise {unknown}
 l - a scroll of enchant armour {unknown}
 m - a scroll of torment {unknown}
 n - 3 scrolls of teleportation {unknown}
 o - a scroll of enchant weapon {unknown}
 s - a scroll of blinking {unknown}
Potions
 b - a potion of magic
 d - a potion of lignification {unknown}
 g - a potion of enlightenment {unknown}
 i - a potion of resistance {unknown}
 p - 3 potions of might {unknown}
 q - a potion of ambrosia {unknown}


   Skills:
 + Level 2.4 Fighting
 - Level 1.7 Dodging
 - Level 1.7 Stealth
 + Level 3.1 Spellcasting
 + Level 1.2 Conjurations
 - Level 0.8 Transmutations
 + Level 3.6 Earth Magic


You had 4 spell levels left.
You knew the following spells:

 Your Spells              Type           Power      Damage    Failure   Level
a - Sandblast             Erth           30%        2d9       3%          1
b - Passwall              Tmut/Erth      8%         N/A       10%         2
c - Stone Arrow           Conj/Erth      22%        3d8       19%         3

Your spell library contained the following spells:

 Spells                   Type           Power      Damage    Failure   Level
 Petrify                  Tmut/Erth      10%        N/A       54%         4
 Metabolic Englaciation   Hex/Ice        1%         N/A       99%         5
 Statue Form              Tmut/Erth      6%         N/A       100%        6


Dungeon Overview and Level Annotations

Branches:
Dungeon (3/15) Zot: 15634

Altars:

Shops:
D:1 (


Innate Abilities, Weirdness & Mutations

You are partially covered in thin metallic scales. (AC +2)
You are partially covered in sharp spines.


Message History

Confirm with . or Enter, or press ? or * to list all spells.
Aiming: Sandblast (safe; 3% risk of failure)
Press: ? - help, Shift-Dir - straight line, f - quokka
Aim: a quokka (75% to hit)
The blast of sand hits the quokka!
You kill the quokka!
You have reached level 5!
Unknown command.
The adder hisses angrily.
Casting: Sandblast (safe; 3% risk of failure)
Confirm with . or Enter, or press ? or * to list all spells.
Aiming: Sandblast (safe; 3% risk of failure)
Press: ? - help, Shift-Dir - straight line, f - adder
Aim: an adder (70% to hit)
The blast of sand hits the adder!
The adder is severely wounded.
Unknown command.
Casting: Sandblast (safe; 3% risk of failure)
Confirm with . or Enter, or press ? or * to list all spells.
Aiming: Sandblast (safe; 3% risk of failure)
Press: ? - help, Shift-Dir - straight line, f/p - adder
Aim: an adder (severely wounded, 70% to hit)
You miscast Sandblast.
You are very lightly contaminated with residual magic.
Nothing appears to happen.
The adder is struck by your spines.
You kill the adder!
s - a scroll labelled AZXUSYH BEPP Your magical contamination has completely faded away.
There is a stone staircase leading up here.
You climb upwards.
There is a stone staircase leading down here.
Magic restored.
There is a stone staircase leading up here.
You climb upwards.
There is a stone staircase leading down here.
You enter the shallow water.
Moving in this stuff is going to be slow.
There is a staircase leading out of the dungeon here.
Are you sure you want to leave the Dungeon?
This will make you lose the game!
You have escaped!

...#......#........# #.#.#.#
####'######...#.#### #.#.#.#
##......# #...#..# #.###.#
##......########.#########.....#
##......#≈§≈≈≈≈≈.≈≈≈§§≈§########
######.##≈≈≈≈≈.....≈≈≈≈≈# #
#.##≈≈....~~~...§≈≈# #
#..#≈...~~~.~~~...≈# #
##.....~~~.@..~~..≈#
###≈..§~~~.~~~...≈#
#§§§...~~~....§§#
#§§§§≈.....≈≈§§§#
#§§§≈≈≈≈≈≈≈§≈§§§#
#################


There were no monsters in sight!

Vanquished Creatures
  4 gnolls
  3 adders
  A worm (D:2)
  5 dart slugs
  5 bats (D:1)
  7 endoplasms
  2 giant cockroaches
  3 hobgoblins (D:1)
  5 jackals
  4 quokkas
  6 ball pythons
  4 frilled lizards
  8 goblins
  4 kobolds
  6 rats
67 creatures vanquished.

Notes
Turn   | Place    | Note
-------+----------+-------------------------------------------
     0 | D:1      | protoss039 the Demonspawn Earth Elementalist began the
                  | quest for the Orb.
     0 | D:1      | Reached XP level 1. HP: 13/13 MP: 3/3
   233 | D:1      | Gained mutation: You are partially covered in thin metallic
                  | scales. (AC +2) [demonic ancestry]
   233 | D:1      | Reached XP level 2. HP: 20/20 MP: 1/5
   303 | D:1      | Reached skill level 1 in Fighting
   484 | D:1      | Found Deyhem's Antique Weapon Shoppe.
   489 | D:1      | Reached XP level 3. HP: 17/26 MP: 1/6
  1179 | D:1      | Learned a level 2 spell: Passwall
  1183 | D:1      | Learned a level 3 spell: Stone Arrow
  1423 | D:2      | Gained mutation: You are partially covered in sharp spines.
                  | [demonic ancestry]
  1423 | D:2      | Reached XP level 4. HP: 33/33 MP: 5/8
  1911 | D:2      | Found a faded altar of an unknown god.
  2107 | D:3      | Reached skill level 1 in Conjurations
  2232 | D:3      | Reached XP level 5. HP: 38/39 MP: 7/9
  2313 | D:$      | Got out of the dungeon alive.

Illustrated notes

Levels and vault maps discovered:
D:1:      dpeg_arrival_shrine, layout_basic, serial_shops, shop_coins,
          minmay_misc_feat_enclosed, nicolae_concentric_dashed_squares_wild
D:2:      layout_basic, shapermc_ecumenical_altar_gd
D:3:      layout_loops_ring, lemuel_round_altar, st_stairs_7,
          corexii_hall_statues_l, uniq_crazy_yiuf_cottage, uniq_sigmund

Skill      XL: |  1  2  3  4 |
---------------+-------------+-----
Fighting       | 1 2 |  2.4
Earth Magic    | 3 |  3.6
Spellcasting   | 3 |  3.1
Conjurations   | 1 |  1.2
Dodging        | |  1.7
Stealth        | |  1.7
Transmutations | |  0.8

Action                     |  1- 3 |  4- 6 || total
---------------------------+-------+-------++-------
  Melee: Unarmed           |     3 |       ||     3
         Dagger            |    14 |     2 ||    16
         Spear             |     4 |       ||     4
         Punch             |       |     1 ||     1
   Cast: Sandblast         |    65 |    33 ||    98
 Armour: Robe              |    17 |     2 ||    19
  Dodge: Dodged            |    36 |     5 ||    41

Table legend: (Time is in decaauts)
 A = Elapsed time spent in this place.
 B = Non-inter-level travel time spent in this place.
 C = Inter-level travel time spent in this place.
 D = Time resting spent in this place.
 E = Time spent auto-exploring this place.
 F = Levels seen in this place.
 G = Mean time per level.
                   A        B        C        D        E       F      G
               +--------+--------+--------+--------+--------+-----+--------+
         Total |   2365 |   2256 |    109 |    245 |   1556 |   3 |  788.3 |
       Dungeon |   2365 |   2256 |    109 |    245 |   1556 |   3 |  788.3 |
               +--------+--------+--------+--------+--------+-----+--------+

Top non-repeatable levels by time:
     D:1: 1247 daAuts
     D:2: 1017 daAuts
     D:3: 100 daAuts
